 Dungeon Crawl Stone Soup version 0.21.1-1-g345015fe64 (webtiles) character file.

59 Lavandula the Digger (level 4, 0/30 HPs)
             Began as a Barachi Earth Elementalist on July 9, 2018.
             Slain by an orc wizard
             ... wielding a +0 dagger
              (3 damage)
             ... on level 3 of the Dungeon.
             The game lasted 00:05:09 (819 turns).

Lavandula the Digger (Barachi Earth Elementalist)    Turns: 819, Time: 00:05:10

Health: 0/30       AC:  3    Str: 16    XL:     4   Next: 3%
Magic:  3/8        EV: 18    Int: 22    God:
Gold:   91         SH:  0    Dex: 17    Spells: 5/9 levels left

rFire    . . .     SeeInvis .   o - +0 falchion
rCold    . . .     Gourm    .   (no shield)
rNeg     . . .     Faith    .   c - +0 robe
rPois    .         Spirit   .   (helmet restricted)
rElec    .         Reflect  .   (no cloak)
rCorr    +         Harm     .   (no gloves)
MR       .....                  l - +0 pair of boots
Stlth    ++........             (no amulet)
HPRegen  0.10/turn              m - +2 ring of strength
MPRegen  0.11/turn              n - ring of resist corrosion

@: confused, mighty, brilliant, agile, can't hop, flying, slow
A: +LOS, swims, horns 1, large bone plates 1, slowness 1, evolution 1, strong
legs 1
a: Hop


You were on level 3 of the Dungeon.
You were not hungry.

You visited 1 branch of the dungeon, and saw 3 of its levels.
You also visited: Sewer.

You collected 91 gold pieces.

Inventory:

Hand Weapons
 o - a +0 falchion (weapon)
Missiles
 a - 31 poisoned needles
 b - 32 stones (quivered)
Armour
 c - a +0 robe (worn)
 l - a +0 pair of boots (worn)
Jewellery
 m - a +2 ring of strength (left hand)
 n - a ring of resist corrosion (right hand)
Scrolls
 g - 3 scrolls of teleportation
 i - a scroll of magic mapping {unknown}
 p - 4 scrolls of remove curse {unknown}
 q - a scroll of fog {unknown}
Potions
 f - 3 potions of might
 h - a potion of brilliance
Books
 e - a book of Geomancy

   Spells                             Type                      Level
   a - Sandblast                      Earth                        1
   b - Passwall                       Transmutation/Earth          2
   c - Stone Arrow                    Conjuration/Earth            3
   d - Petrify                        Transmutation/Earth          4
   e - Lee's Rapid Deconstruction     Earth                        5
Comestibles
 d - 2 rations


   Skills:
 - Level 2.1 Dodging
 - Level 1.7 Stealth
 - Level 3.0 Spellcasting
   Level 1.1 Transmutations
 + Level 4.3 Earth Magic


You had 5 spell levels left.
You knew the following spells:

 Your Spells              Type           Power        Failure   Level  Hunger
a - Sandblast             Erth           #####.       1%          1    None
b - Stone Arrow           Conj/Erth      ####..       1%          3    ###....


Dungeon Overview and Level Annotations

Branches:
Dungeon (3/15)

Altars:


Innate Abilities, Weirdness & Mutations

Shadows flee at your approach. (+LOS)
You can swim through water.
You cover ground slowly.
You can hop short distances.
You have a pair of small horns on your head.
You are partially covered in large bone plates. (SH +4)
You evolve.


Message History

You feel nature experimenting on you.
Don't worry, failures die fast.
Large bone plates grow over parts of your arms.
A pair of horns grows on your head! Something barely misses you.
Okay, then.
It was a potion of flight.
You feel very buoyant.
You fly up into the air.
You hear some strange, mumbled words.
You are confused.
Unknown command.
Okay, then.
You aren't carrying any items that you can evoke.
Unknown command.
You're too confused!
Unknown command.
You're too confused!
Unknown command.
You bump into the rock wall.
Something hits you.
You die...

.#.#.##.... #....##....
..........# #....##....
#........# #....'.....
.##.)...>.# #<...##....
.....o...##
###....##.... #........
#.......##### #......$#
#.......#
#.....oo#######.......#
#.....(oo{@..##.......#
#..#..#.###(###.......#
.##.......# .#
#.......# ..........#
.# #.......#
####..#...###.#
###.#####
..............#
#.#########
#####.#.#.#####
#.#........ #...#.#
#.#.####### ##..#.#
#........##


You could see 4 orcs.

Vanquished Creatures
  2 adders (D:2)
  A worm (D:3)
  2 orcs (D:3)
  4 ball pythons (Sewer)
  2 bats
  4 goblins
  3 hobgoblins
  4 jackals (Sewer)
  3 frilled lizards
  7 kobolds
  2 rats
34 creatures vanquished.

Notes
Turn   | Place    | Note
-------+----------+-------------------------------------------
     0 | D:1      | Lavandula the Barachi Earth Elementalist began the quest for the Orb.
     0 | D:1      | Reached XP level 1. HP: 13/13 MP: 3/3
   201 | D:1      | Reached XP level 2. HP: 19/19 MP: 0/5
   309 | D:2      | Reached XP level 3. HP: 24/24 MP: 2/7
   473 | D:3      | Found a glowing drain.
   488 | Sewer    | Entered a sewer
   493 | Sewer    | Reached skill level 4 in Earth Magic
   501 | Sewer    | Learned a level 3 spell: Stone Arrow
   665 | Sewer    | Reached XP level 4. HP: 29/30 MP: 4/8
   817 | D:3      | Gained mutation: You evolve. [potion of mutation]
   817 | D:3      | Gained mutation: You are partially covered in large bone plates. (SH +4) [potion of mutation]
   817 | D:3      | Gained mutation: You have a pair of small horns on your head. [potion of mutation]
   819 | D:3      | Slain by an orc wizard

Skill      XL: |  1  2  3 |
---------------+----------+-----
Spellcasting   | 3 |  3.0
Earth Magic    | 4 |  4.3
Dodging        | |  2.1
Stealth        | |  1.7
Transmutations | |  1.1

Action                   |  1- 3 |  4- 6 || total
-------------------------+-------+-------++-------
Melee: Unarmed           |     1 |       ||     1
       Falchion          |     2 |       ||     2
 Cast: Sandblast         |    37 |     8 ||    45
 Abil: Hop               |       |     1 ||     1
  Use: Scroll            |     1 |       ||     1
       Potion            |       |     5 ||     5
Armor: Robe              |     4 |     1 ||     5
Dodge: Dodged            |     8 |     2 ||    10
